 Dungeon Crawl Stone Soup version 0.32-a0-411-g744942f433 (webtiles) character file.

Game seed: 2279200985501733715

121 ezpacito the Trooper (level 4, -2/35 HPs)
             Began as a Demonspawn Chaos Knight on Feb 21, 2024.
             Was a Plaything of Xom.
             Killed from afar by Natasha (4 damage)
             ... with a magic dart
             ... on level 2 of the Dungeon.
             The game lasted 00:01:22 (625 turns).

ezpacito the Trooper (Demonspawn Chaos Knight)       Turns: 625, Time: 00:01:23

Health: -2/35      AC:  5    Str: 13    XL:     4   Next: 76%
Magic:  5/5        EV: 12    Int: 12    God:    Xom [..*...]
Gold:   30         SH:  0    Dex: 16    Spells: 5/5 levels left

rFire   . . .        a - +0 hand axe (chaos)
rCold   . . .        (no shield)
rNeg    . . .        b - +2 leather armour
rPois   +            (helmet restricted)
rElec   .            (no cloak)
rCorr   +            (no gloves)
SInv    .            (no boots)
Will    +....        (no amulet)
Stlth   ++           e - ring of resist corrosion
HPRegen 0.25/turn    (no ring)
MPRegen 0.09/turn

%: no passive effects
@: enlightened, flying
A: hooves 2, horns 1, agile 1, poison resistance, inability to drink after
injury 1, MP-powered wands
a: Renounce Religion


You were on level 2 of the Dungeon.
You worshipped Xom.
You were a toy of Xom.
You visited 1 branch of the dungeon, and saw 2 of its levels.

You collected 30 gold pieces.

Inventory:

Hand Weapons
 a - a +0 hand axe of chaos (weapon)
Missiles
 l - 6 poisoned darts (quivered)
Armour
 b - a +2 leather armour (worn)
Jewellery
 e - a ring of resist corrosion (left hand)
Wands
 h - a wand of polymorph (7)
Scrolls
 c - a scroll of butterflies
 d - a scroll of vulnerability {unknown}
 j - a scroll of immolation {unknown}
Potions
 i - a potion of mutation
 m - 2 potions of invisibility {unknown}


   Skills:
 * Level 3.4 Fighting
 * Level 3.2 Axes
 * Level 2.4 Armour
 * Level 1.8 Dodging
 + Level 1.0 Stealth
 + Level 1.0 Unarmed Combat
 + Level 1.0 Spellcasting
 + Level 0.5 Evocations


You had 5 spell levels left.
You didn't know any spells.
Your spell library was empty.

Dungeon Overview and Level Annotations

Branches:
Dungeon (2/15)

Altars:

Annotations:
D:2 Natasha


Innate Abilities, Weirdness & Mutations

You have hoof-like feet.
You have a pair of small horns on your head.
You are agile. (Dex +4, Str/Int -1)
Your system is resistant to poisons. (rPois)
You occasionally lose the ability to drink potions when taking damage.
You expend magic power (3 MP) to strengthen your wands.


Message History

The cerulean imp barely misses you. Natasha claws you.
* * * LOW HITPOINT WARNING * * *
Unknown command.
It was a potion of mutation.
You feel extremely strange.
You feel your magical essence link to the dungeon's wands.
You feel resistant to poisons.
You occasionally lose the ability to drink potions when taking damage.
You feel agile. The cerulean imp barely misses you.
The cerulean imp hits you but does no damage.
Natasha claws you but does no damage.
Okay, then.
You hit Natasha. You burn Natasha. You kick Natasha, but do no damage.
Natasha is severely wounded.
You hit the cerulean imp.
The cerulean imp seems to speed up.
The cerulean imp hits you with a +1 spear.
* * * LOW HITPOINT WARNING * * *
Unknown command.
You hit Natasha but do no damage. You kick Natasha.
Natasha is almost dead.
You hit the cerulean imp but do no damage.
The cerulean imp barely misses you.
The cerulean imp hits you from afar with a +0 spear.
* * * LOW HITPOINT WARNING * * *
Natasha stares at you and mumbles some strange words.
You resist with some effort.
It was a potion of enlightenment.
You feel very buoyant.
You fly up into the air.
You feel yourself slow down.
Xom makes a sudden noise!
You hear maniacal laughter.
You hear an angry hiss. x2
The cerulean imp closely misses you.
The cerulean imp hits you from afar with a +0 spear.
* * * LOW HITPOINT WARNING * * *
Natasha stares at you and mumbles some strange words.
The magic dart hits you.
You die...
Natasha curls up and begins to purr.
Xom roars with laughter!

.##### ..... #...# h
#...# ##...# ...5#
#.h# #.# #5@###.###
###. #......... ...
##.###.### ###..#
#.###.# #.....
#...#b#######.#..# p
###)#......##.#..#
##)#..###.##.#...
#.)†..# #........
........b.###.#...#..


You could see Natasha and 2 cerulean imps.

Vanquished Creatures
  Natasha (D:2)
  3 gnolls (D:2)
  A dart slug (D:1)
  An endoplasm (D:1)
  3 giant cockroaches (D:1)
  7 hobgoblins (D:1)
  4 jackals (D:2)
  6 kobolds
  3 quokkas
  2 ball pythons (D:1)
  2 bats (D:1)
  A frilled lizard (D:1)
  A goblin (D:1)
  3 rats (D:1)
38 creatures vanquished.

Notes
Turn   | Place    | Note
-------+----------+-------------------------------------------
     0 | D:1      | ezpacito the Demonspawn Chaos Knight began the quest for
                  | the Orb.
     0 | D:1      | Reached XP level 1. HP: 18/18 MP: 1/1
    68 | D:1      | Reached skill level 1 in Dodging
   138 | D:1      | Discovered your monstrous ancestry.
   138 | D:1      | Gained mutation: You have a pair of small horns on your
                  | head. [demonic ancestry]
   138 | D:1      | Reached XP level 2. HP: 24/24 MP: 2/2
   205 | D:1      | XOM: divination: magic mapping
   246 | D:1      | Gained mutation: You have large cloven feet. [demonic
                  | ancestry]
   246 | D:1      | Reached XP level 3. HP: 28/29 MP: 3/3
   290 | D:1      | XOM: divination: magic mapping
   534 | D:2      | Noticed Natasha
   540 | D:2      | Killed Natasha
   541 | D:2      | Gained mutation: You have hoof-like feet. [demonic
                  | ancestry]
   541 | D:2      | Reached XP level 4. HP: 29/35 MP: 3/5
   591 | D:2      | XOM: divination: detect creatures
   594 | D:2      | XOM: butterfly on damage
   596 | D:2      | Reached skill level 1 in Spellcasting
   603 | D:2      | Reached skill level 1 in Stealth
   603 | D:2      | Reached skill level 1 in Unarmed Combat
   606 | D:2      | Noticed Natasha
   622 | D:2      | Gained mutation: You expend magic power (3 MP) to
                  | strengthen your wands. [potion of mutation]
   622 | D:2      | Gained mutation: Your system is resistant to poisons.
                  | (rPois) [potion of mutation]
   622 | D:2      | Gained mutation: You occasionally lose the ability to drink
                  | potions when taking damage. [potion of mutation]
   622 | D:2      | Gained mutation: You are agile. (Dex +4, Str/Int -1)
                  | [potion of mutation]
   625 | D:2      | XOM: noise
   625 | D:2      | Killed from afar by Natasha

Illustrated notes

Levels and vault maps discovered:
D:1:      roadster_arrival_rocket_large, layout_rooms, dk_noncrumbling_4
D:2:      layout_loops_ring, uniq_natasha, uniq_jessica

Skill      XL: |  1  2  3  4 |
---------------+-------------+-----
Dodging        | 1 |  1.8
Armour         | 2 |  2.4
Axes           | 3 |  3.2
Spellcasting   | 1 |  1.0
Stealth        | 1 |  1.0
Unarmed Combat | 1 |  1.0
Fighting       | |  3.4
Evocations     | |  0.5

Action                     |  1- 3 |  4- 6 || total
---------------------------+-------+-------++-------
  Melee: Hand axe          |    68 |    35 ||   103
         Headbutt          |     7 |     5 ||    12
         Kick              |     5 |     9 ||    14
    Use: Potion            |       |     4 ||     4
 Armour: Leather armour    |    32 |    28 ||    60
  Dodge: Dodged            |    42 |    28 ||    70

Table legend: (Time is in decaauts)
 A = Elapsed time spent in this place.
 B = Non-inter-level travel time spent in this place.
 C = Inter-level travel time spent in this place.
 D = Time resting spent in this place.
 E = Time spent auto-exploring this place.
 F = Levels seen in this place.
 G = Mean time per level.
                   A        B        C        D        E       F      G
               +--------+--------+--------+--------+--------+-----+--------+
         Total |    628 |    594 |     34 |      0 |    393 |   2 |  314.0 |
       Dungeon |    628 |    594 |     34 |      0 |    393 |   2 |  314.0 |
               +--------+--------+--------+--------+--------+-----+--------+

Top non-repeatable levels by time:
     D:1: 536 daAuts
     D:2: 91 daAuts
